AoeStats
← ReverendGabo19

Arabia

506586986Analyzed
4v4 RM · 19d ago on Sep 14, 2026· 21m 15s· 8 players
Game mode
Random Map
Map size
Large (8 player)
Population
200
Speed
Normal
Resources
Standard
Victory
Conquest
Starting age
Dark Age
Ending age
Imperial Age
RankedLock teamsTeams togetherTeam positionsShared explorationLock speedFull tech treeHidden civsTurbo modeCheats
Victory
Defeat
🇨🇳 Saracens · China
840
+5
🇳🇿 Aztecs · New Zealand
805
+6
🇮🇳 Franks · India
781
+6
🇹🇼 Jurchens · Taiwan
754
+7
🇭🇰 Teutons · Hong Kong SAR China
712
-11
🇲🇽 Sicilians · Mexico
547
-6
🇺🇸 Byzantines · United States
466
-4
🇲🇽 Khmer · Mexico
399
-3
佟少爷
mankey
15:23 Feudal Age
17:02 Double-Bit Axe
GDL ridiculebsxd
1:16 Loom
14:59 Feudal Age
16:36 Double-Bit Axe
16:33 Horse Collar
17:19 Gold Mining
17:34 Stone Mining
ReverendGabo19
1:34 Loom
16:05 Feudal Age
19:05 Wheelbarrow
21:04 Double-Bit Axe
Uruz_7
5:57 Loom
9:48 Feudal Age
10:43 Double-Bit Axe
19:55 Castle Age
魔幻蓝天
13:20 Feudal Age
13:46 Double-Bit Axe
13:44 Horse Collar
13:57 Stone Mining
21:19 Castle Age
21:01 Gold Mining
ScareCroW
10:27 Feudal Age
11:02 Double-Bit Axe
15:07 Loom
18:47 Castle Age
19:39 Forging
20:39 Light Cavalry
Potatoes are my favourite fruit
10:47 Feudal Age
14:18 Horse Collar
16:43 Castle Age
15:09 Double-Bit Axe
18:39 Wheelbarrow
18:32 Bow Saw
18:47 Heavy Plow
20:02 Loom
21:37 Stone Mining
Connection lost

Rejoining the realm…

Still unreachable

The connection could not be restored.

Session expired

The server has moved on; the page needs a fresh start.